Map: Terraform LE (Void)

Players

SticklerMac - Winner!

  • Race: Zerg Zerg
  • League: Bronze

VOD

Have the link to the VOD?

Description

Time

  • Played on: July 29, 2015, 2:24 p.m.
  • Length: 8:33
Show
View Real Time Build Order
Export as new Build Order

SticklerMac Zerg - Winner!

Build Orders: Pool First 

Get SALT Encoding   

  12  0:05  Drone  
  12  0:09  Drone  
  12  0:19  Overlord  
  12  0:34  Spawning Pool  
  12  0:38  Drone  
  12  0:41  Drone  
  12  0:46  Extractor  
  12  0:47  Drone  
  12  0:52  Drone  
  12  1:02  Drone  
  12  1:11  Drone  
  12  1:17  Extractor  
  12  1:24  Roach Warren  
  12  1:26  Drone  
  12  1:33  Drone  
  12  1:35  Queen  
  12  1:48  Overlord  
  12  2:14  Hatchery  
  12  2:24  Roach  
  12  2:28  Roach  
  12  2:34  Roach  
  12  2:40  Roach  
  12  2:50  Roach  
  12  2:58  Overlord  
  12  3:04  Drone  
  12  3:10  Overlord  
  12  3:19  Overlord  
  12  3:24  Drone  
  12  3:28  Drone  
  12  3:32  Drone  
  12  3:36  Drone  
  12  3:41  Drone  
  12  3:45  Drone  
  12  3:48  Drone  
  12  3:52  Drone  
  12  4:00  Drone x2  
  12  4:03  Drone  
  12  4:05  Drone  
  12  4:08  Drone  
  12  4:11  Drone  
  12  4:13  Drone  
  12  4:29  Queen  
  12  4:30  Roach  
  12  4:31  Roach  
  12  4:32  Roach  
  12  4:34  Roach  
  12  4:37  Roach  
  12  4:40  Overlord  
  12  4:44  Roach  
  12  4:52  Overlord  
  12  4:53  Overlord  
  12  5:00  Roach x3  
  12  5:02  Roach  
  12  5:08  Evolution Chamber  
  12  5:11  Roach  
  12  5:12  Evolution Chamber  
  12  5:14  Roach  
  12  5:24  Lair  
  12  5:26  Roach  
  12  5:27  Roach  
  12  5:29  Roach  
  12  5:35  Roach  
  12  5:36  Roach  
  12  5:48  Roach x2  
  12  5:55  Zerg Missile Weapons Level 1, Zerg Ground Armor Level 1  
  12  6:03  Overlord x2  
  12  6:04  Overlord  
  12  6:08  Drone  
  12  6:22  Glial Reconstitution  
  12  6:25  Roach  
  12  6:26  Roach x4  
  12  6:30  Roach  
  12  6:32  Roach  
  12  6:55  Roach  
  12  6:56  Roach x4  
  12  6:58  Overlord x2  
  12  6:59  Overlord  
  12  7:13  Overlord  
  12  7:14  Overlord x2  
  12  7:20  Roach  
  12  7:21  Roach x2  
  12  7:22  Roach  
  12  7:26  Roach  
  12  7:30  Roach  
  12  7:31  Roach  
  12  7:33  Roach  
  12  7:36  Drone  
  12  7:39  Roach  
  12  7:42  Roach  
  12  7:44  Roach  
  12  7:47  Roach  
Tags
 
Add a new tag
Caveats
  • Supply blocks, unpowered buildings, or Contaminate may cause inaccurate times.
  • Supply counts are checked every 10 seconds.